 Dungeon Crawl Stone Soup version 0.28-a0-1594-ga885d4b (webtiles) character file.

Game seed: 488925209016456318

44 PidgeyThePirate the Skirmisher (level 3, -1/31 HPs)
             Began as a Demigod Fighter on Jan 20, 2022.
             Slain by a goblin (3 damage)
             ... led by Robin
             ... on level 2 of the Dungeon.
             The game lasted 00:02:33 (1976 turns).

PidgeyThePirate the Skirmisher (Demigod Fighter)    Turns: 1976, Time: 00:02:34

Health: -1/31      AC:  9    Str: 21    XL:     3   Next: 23%
Magic:  5/5        EV:  9    Int: 10    God:
Gold:   37         SH:  4    Dex: 13    Spells: 2/2 levels left

rFire   . . .      SeeInvis .   a - +0 flail
rCold   . . .      Faith    .   c - +0 buckler
rNeg    . . .      Spirit   .   b - +0 scale mail
rPois   .          Reflect  .   (no helmet)
rElec   .          Harm     .   (no cloak)
rCorr   .          Rampage  .   j - +0 pair of gloves
Will    .....                   k - +0 pair of boots
Stlth   ..........              (no amulet)
HPRegen 0.10/turn               (no ring)
MPRegen 0.09/turn               (no ring)

@: mighty
A: high mp 1, forlorn, divine attributes
a: no special abilities


You were on level 2 of the Dungeon.
You visited 1 branch of the dungeon, and saw 2 of its levels.

You collected 37 gold pieces.

Inventory:

Hand Weapons
 a - a +0 flail (weapon)
Armour
 b - a +0 scale mail (worn)
 c - a +0 buckler (worn)
 j - a +0 pair of gloves (worn)
 k - a +0 pair of boots (worn)
Scrolls
 f - 2 scrolls of identify {unknown}
 h - 2 scrolls of teleportation {unknown}
 m - a scroll of vulnerability {unknown}
Potions
 e - a potion of cancellation {unknown}
 g - 2 potions of heal wounds {unknown}
 i - a potion of ambrosia {unknown}
 l - a potion of attraction {unknown}


   Skills:
 + Level 3.1 Fighting
 + Level 2.4 Maces & Flails
 + Level 3.0 Armour
 + Level 0.1 Dodging
 + Level 0.1 Stealth
 + Level 3.0 Shields


You had 2 spell levels left.
You didn't know any spells.
Your spell library was empty.

Dungeon Overview and Level Annotations

Branches:
Dungeon (2/15)

Annotations:
D:2 Robin


Innate Abilities, Weirdness & Mutations

You have an increased reservoir of magic. (+10% MP)
You shall have no god before yourself.
Your divine heritage dramatically boosts your attributes as you level up.


Message History

A goblin comes into view. It is wielding a +0 dagger.
The goblin unwields a +0 hunting sling.
The goblin wields a +0 club.
The goblin splashes around in the water.
Robin barely misses you.
You closely miss Robin. Robin throws the goblin at you!
You closely miss Robin. You block Robin's attack.
The goblin hits you but does no damage. x2
You hit Robin.
Robin is lightly wounded.
Robin throws the goblin at you! The goblin barely misses you.
The goblin closely misses you. Robin throws the goblin at you!
The goblin hits you with a +0 club.
* * * LOW HITPOINT WARNING * * *
The goblin splashes around in the water.
The goblin hits you but does no damage.
You feel very mighty all of a sudden. Robin hits you with a +0 spear.
* * * LOW HITPOINT WARNING * * *
The goblin hits you but does no damage. x2; The goblin closely misses you.
The goblin hits you but does no damage.
You sock Robin!
Robin is severely wounded.
Robin hits you but does no damage. You block the goblin's attack.
The goblin hits you but does no damage. The goblin barely misses you.
The goblin misses you.
You barely miss Robin.
Robin is severely wounded.
Robin hits you with a +0 spear.
* * * LOW HITPOINT WARNING * * *
The goblin hits you but does no damage. x2
The goblin splashes around in the water. x2
You hit Robin.
Robin is almost dead.
Robin roars a battlecry!
The goblins go into a battle-frenzy!
The goblin hits you with a +0 dagger.
* * * LOW HITPOINT WARNING * * *
The goblin hits you but does no damage. The goblin closely misses you.
The goblin hits you with a +0 club.
You die...

..≈ ♣≈♣ ♣♣≈≈ ♣≈≈♣
♣♣♣♣♣P.♣♣♣♣♣♣ #.♣P≈≈♣≈≈≈≈≈PP♣.
....≈≈≈≈≈≈≈≈≈... ♣≈≈g≈g≈PPP≈.
♣♣♣P@g♣♣♣♣♣. .#. ♣gg♣♣ ....
#♣♣P≈P♣ ....# #.♣♣≈P♣ .....
#.♣♣.♣♣ .......##.##.#######
..###..#...........
###.#......###################
...#.###..## #...........


You could see Robin (resistant) and 4 goblins.

Vanquished Creatures
  An adder (D:2)
  A worm (D:2)
  A ball python (D:2)
  6 endoplasms
  2 giant cockroaches
  A goblin (D:2)
  4 hobgoblins
  2 jackals (D:2)
  3 kobolds (D:2)
  A quokka (D:1)
  2 bats
  2 frilled lizards (D:1)
  2 rats (D:1)
28 creatures vanquished.

Vanquished Creatures (others)
  5 plants (D:2)
5 creatures vanquished.

Grand Total: 33 creatures vanquished

Notes
Turn   | Place    | Note
-------+----------+-------------------------------------------
     0 | D:1      | PidgeyThePirate the Demigod Fighter began the quest for the
                  | Orb.
     0 | D:1      | Reached XP level 1. HP: 18/18 MP: 3/3
   609 | D:1      | Reached XP level 2. HP: 15/26 MP: 4/4
  1949 | D:2      | Reached XP level 3. HP: 10/31 MP: 5/5
  1960 | D:2      | Noticed Robin
  1976 | D:2      | Slain by a goblin

Illustrated notes

Levels and vault maps discovered:
D:1:      dpeg_arrival_stone_temple_mockup, layout_basic
D:2:      layout_basic, hangedman_abyss_or_decor_stabs, hex_medium,
          serial_bayou_crossing, uniq_robin

Skill      XL: |  1  2 |
---------------+-------+-----
Fighting       | 3 |  3.1
Maces & Flails | 2 |  2.4
Armour         | 3 |  3.0
Shields        | 3 |  3.0
Dodging        | |  0.1
Stealth        | |  0.1

Action                   || total
-------------------------++-------
Melee: Flail             ||   102
  Use: Potion            ||     1
Armor: Scale mail        ||    79
Dodge: Dodged            ||    59
Block: Buckler           ||    36

Table legend: (Time is in decaauts)
 A = Elapsed time spent in this place.
 B = Non-inter-level travel time spent in this place.
 C = Inter-level travel time spent in this place.
 D = Time resting spent in this place.
 E = Time spent auto-exploring this place.
 F = Levels seen in this place.
 G = Mean time per level.
                   A        B        C        D        E       F      G
               +--------+--------+--------+--------+--------+-----+--------+
         Total |   2014 |   1986 |     28 |      0 |   1639 |   2 | 1007.0 |
       Dungeon |   2014 |   1986 |     28 |      0 |   1639 |   2 | 1007.0 |
               +--------+--------+--------+--------+--------+-----+--------+

Top non-repeatable levels by time:
     D:1: 1144 daAuts
     D:2: 870 daAuts
